| TOP OF THE 1ST |
|
Round Rock Express batting - Pitching for Durham Bulls : RHP Eric Smith
|
|
Pitching: RHP Eric Smith
|
|
|
Batting: LHB Jody Hudson
|
0-0: Foul Ball, location: 2F 0-1: Swinging Strike 0-2: Strikes out swinging
|
|
Batting: RHB Laroya Foronda
|
0-0: Ball 1-0: Foul Ball, location: 2F 1-1: SOLO HOME RUN (Flyball, 7LD, EV 95.0 MPH), Distance : 349 ft
|
|
Batting: LHB Josh Stuck
|
0-0: SINGLE (Groundball, 15S, EV 61.9 MPH) (infield hit)
|
|
Batting: LHB Zion Davidson
|
0-0: Called Strike 0-1: Ball 1-1: Swinging Strike 1-2: Grounds into double play, 4-6-3 (Groundball, 4, EV 88.1 MPH)
|
| Top of the 1st over - 1 run, 2 hits, 0 errors, 0 left on base; Round Rock 1 - Durham 0 |
| BOTTOM OF THE 1ST |
|
Durham Bulls batting - Pitching for Round Rock Express : RHP Dan Dill
|
|
Pitching: RHP Dan Dill
|
|
|
Batting: RHB Jonathan Fraire
|
0-0: Swinging Strike 0-1: Ball 1-1: Foul Ball, location: 2F 1-2: Strikes out swinging
|
|
Batting: RHB Danny Diaz
|
0-0: Swinging Strike 0-1: DOUBLE (Line Drive, 78XD, EV 109.4 MPH)
|
|
Batting: LHB Davion Lewis
|
0-0: Ball 1-0: Ball 2-0: Called Strike 2-1: Foul Ball, location: 2F 2-2: Ball 3-2: SINGLE (Groundball, 56D, EV 106.2 MPH) Danny Diaz to third Runner from 3rd tries for Home, SAFE, throw by LF to home Davion Lewis to second
|
|
Batting: RHB David Ward
|
0-0: Fly out, F8 (Flyball, 8RXD, EV 98.8 MPH) Runner from 2nd tags up, SAFE at 3rd, no throw by CF
|
|
Batting: LHB Jake Rheaume
|
0-0: Called Strike 0-1: Foul Ball, location: 2F 0-2: Ball 1-2: Ball 2-2: Ground out 4-3 (Groundball, 4, EV 88.8 MPH)
|
| Bottom of the 1st over - 1 run, 2 hits, 0 errors, 1 left on base; Round Rock 1 - Durham 1 |
| TOP OF THE 2ND |
|
Round Rock Express batting - Pitching for Durham Bulls : RHP Eric Smith
|
|
Batting: RHB Mike Quackenbush
|
0-0: Foul Ball, location: 2F 0-1: Ball 1-1: Foul Ball, location: 2F 1-2: Foul Ball, location: 2F 1-2: Foul Ball, location: 2F 1-2: Fly out, F8 (Line Drive, 78M, EV 89.4 MPH)
|
|
Batting: RHB Ivan Colon
|
0-0: Ball 1-0: Ground out 1-3 (Groundball, 34S, EV 71.2 MPH)
|
|
Batting: RHB Chris Torlak
|
0-0: Foul Ball, location: 2F 0-1: Fly out, F2 (Popup, 23F, EV 90.6 MPH)
|
| Top of the 2nd over - 0 runs, 0 hits, 0 errors, 0 left on base; Round Rock 1 - Durham 1 |
| BOTTOM OF THE 2ND |
|
Durham Bulls batting - Pitching for Round Rock Express : RHP Dan Dill
|
|
Batting: RHB Sesto Carpini
|
0-0: Ball 1-0: Called Strike 1-1: Called Strike 1-2: Ball 2-2: Foul Ball, location: 2F 2-2: Ball 3-2: Foul Ball, location: 2F 3-2: Foul Ball, location: 2F 3-2: Foul Ball, location: 2F 3-2: Strikes out swinging
|
|
Batting: RHB Jose Arriola
|
0-0: SINGLE (Line Drive, 4M, EV 107.5 MPH)
|
|
Batting: RHB Freddy Mullen
|
0-0: Swinging Strike 0-1: SINGLE (Flyball, 78S, EV 97.5 MPH) Jose Arriola to second Runner from 2nd tries for 3rd, SAFE, throw by LF made to third
|
|
Batting: RHB John Downing
|
0-0: Foul Ball, location: 2F 0-1: Grounds into double play, 4-6-3 (Groundball, 4, EV 85.0 MPH)
|
| Bottom of the 2nd over - 0 runs, 2 hits, 0 errors, 1 left on base; Round Rock 1 - Durham 1 |
| TOP OF THE 3RD |
|
Round Rock Express batting - Pitching for Durham Bulls : RHP Eric Smith
|
|
Pitching: RHP Luis Cubero
|
|
|
Batting: RHB C.J. Sagle
|
0-0: Called Strike 0-1: Ground out 6-3 (Groundball, 6, EV 83.1 MPH)
|
|
Batting: RHB Martin Guerrero
|
0-0: Ball 1-0: Foul Ball, location: 2F 1-1: Foul Ball, location: 2F 1-2: Ball 2-2: Ground out 6-3 (Groundball, 6, EV 89.4 MPH)
|
|
Batting: LHB Jody Hudson
|
0-0: Called Strike 0-1: Ball 1-1: Foul Ball, location: 2F 1-2: Ball 2-2: Ball 3-2: Foul Ball, location: 2F 3-2: Fly out, F7 (Flyball, 78M, EV 78.8 MPH)
|
| Top of the 3rd over - 0 runs, 0 hits, 0 errors, 0 left on base; Round Rock 1 - Durham 1 |
| BOTTOM OF THE 3RD |
|
Durham Bulls batting - Pitching for Round Rock Express : RHP Dan Dill
|
|
Batting: RHB Jonathan Fraire
|
0-0: Ball 1-0: Ball 2-0: Ball 3-0: Called Strike 3-1: Ground out 5-3 (Groundball, 56S, EV 90.0 MPH)
|
|
Batting: RHB Danny Diaz
|
0-0: Ball 1-0: Called Strike 1-1: Ground out 4-3 (Groundball, 4, EV 101.9 MPH)
|
|
Batting: LHB Davion Lewis
|
0-0: Ball 1-0: Called Strike 1-1: Foul Ball, location: 2F 1-2: Ground out U3 (Groundball, 34, EV 102.5 MPH)
|
| Bottom of the 3rd over - 0 runs, 0 hits, 0 errors, 0 left on base; Round Rock 1 - Durham 1 |
| TOP OF THE 4TH |
|
Round Rock Express batting - Pitching for Durham Bulls : RHP Luis Cubero
|
|
Batting: RHB Laroya Foronda
|
0-0: Ball 1-0: Fly out, F9 (Line Drive, 9, EV 97.5 MPH)
|
|
Batting: LHB Josh Stuck
|
0-0: Ball 1-0: SINGLE (Groundball, 56, EV 99.4 MPH)
|
|
Batting: LHB Zion Davidson
|
0-0: Ball Josh Stuck steals 2nd base 1-0: Foul Ball, location: 2F 1-1: Ground out 5-3 (Groundball, 6S, EV 68.1 MPH) Josh Stuck to third
|
|
Batting: RHB Mike Quackenbush
|
0-0: Ball 1-0: Ball 2-0: Swinging Strike 2-1: Ball 3-1: Called Strike 3-2: Strikes out swinging
|
| Top of the 4th over - 0 runs, 1 hit, 0 errors, 1 left on base; Round Rock 1 - Durham 1 |
| BOTTOM OF THE 4TH |
|
Durham Bulls batting - Pitching for Round Rock Express : RHP Dan Dill
|
|
Batting: RHB David Ward
|
0-0: Ball 1-0: Ground out 1-3 (Groundball, 13S, EV 70.6 MPH)
|
|
Batting: LHB Jake Rheaume
|
0-0: Ball 1-0: Foul Ball, location: 2F 1-1: Ball 2-1: SINGLE (Line Drive, 4MD, EV 95.6 MPH)
|
|
Batting: RHB Sesto Carpini
|
0-0: Grounds into double play, 6-4-3 (Groundball, 6M, EV 88.1 MPH)
|
| Bottom of the 4th over - 0 runs, 1 hit, 0 errors, 0 left on base; Round Rock 1 - Durham 1 |
| TOP OF THE 5TH |
|
Round Rock Express batting - Pitching for Durham Bulls : RHP Luis Cubero
|
|
Batting: RHB Ivan Colon
|
0-0: Ball 1-0: Ball 2-0: Ball 3-0: Base on Balls
|
|
Batting: RHB Chris Torlak
|
0-0: Ball 1-0: Grounds into double play, 4-6-3 (Groundball, 4, EV 106.2 MPH)
|
|
Batting: RHB C.J. Sagle
|
0-0: Foul Ball, location: 2F 0-1: Ball 1-1: Ball 2-1: SINGLE (Groundball, 56D, EV 102.5 MPH)
|
|
Batting: RHB Martin Guerrero
|
0-0: Ball C.J. Sagle steals 2nd base 1-0: Foul Ball, location: 2F 1-1: Foul Ball, location: 2F 1-2: TRIPLE (Flyball, 8RXD, EV 104.4 MPH) C.J. Sagle scores
|
|
Batting: LHB Jody Hudson
|
0-0: Called Strike 0-1: Ball 1-1: Swinging Strike 1-2: Strikes out swinging
|
| Top of the 5th over - 1 run, 2 hits, 0 errors, 1 left on base; Round Rock 2 - Durham 1 |
| BOTTOM OF THE 5TH |
|
Durham Bulls batting - Pitching for Round Rock Express : RHP Dan Dill
|
|
Batting: RHB Jose Arriola
|
0-0: Ground out 4-3 (Groundball, 4S, EV 83.8 MPH)
|
|
Batting: RHB Freddy Mullen
|
0-0: Called Strike 0-1: Foul Ball, location: 2F 0-2: Ball 1-2: Ground out 6-3 (Groundball, 6, EV 98.1 MPH)
|
|
Batting: RHB John Downing
|
0-0: Ball 1-0: Swinging Strike 1-1: Called Strike 1-2: Ground out 6-3 (Groundball, 6, EV 84.4 MPH)
|
| Bottom of the 5th over - 0 runs, 0 hits, 0 errors, 0 left on base; Round Rock 2 - Durham 1 |
| TOP OF THE 6TH |
|
Round Rock Express batting - Pitching for Durham Bulls : RHP Luis Cubero
|
|
Pitching: LHP Parker Martinet
|
|
|
Batting: RHB Laroya Foronda
|
0-0: DOUBLE (Line Drive, 7LM, EV 114.4 MPH)
|
|
Batting: RHB Jorge Benites
|
0-0: Ball 1-0: Ball 2-0: Called Strike 2-1: Ball Wild Pitch! Laroya Foronda to third 3-1: Swinging Strike 3-2: Foul Ball, location: 2F 3-2: Base on Balls
|
|
Batting: LHB Zion Davidson
|
0-0: DOUBLE (Flyball, 5D, EV 96.9 MPH) Laroya Foronda scores Jorge Benites to third
|
|
Batting: RHB Mike Quackenbush
|
0-0: Ball 1-0: Swinging Strike 1-1: Ball 2-1: Ball 3-1: Called Strike 3-2: Fly out, F9 (Flyball, 9, EV 79.4 MPH)
|
|
Batting: RHB Ivan Colon
|
0-0: Called Strike 0-1: Ball 1-1: Foul Ball, location: 2F 1-2: Ball 2-2: Foul Ball, location: 2F 2-2: Strikes out swinging
|
|
Batting: RHB Chris Torlak
|
0-0: Called Strike 0-1: Ball 1-1: Called Strike 1-2: Ground out 3-1 (Groundball, 34, EV 106.9 MPH)
|
| Top of the 6th over - 1 run, 2 hits, 0 errors, 2 left on base; Round Rock 3 - Durham 1 |
| BOTTOM OF THE 6TH |
|
Durham Bulls batting - Pitching for Round Rock Express : RHP Dan Dill
|
|
Batting: RHB Jonathan Fraire
|
0-0: Called Strike 0-1: Ball 1-1: Foul Ball, location: 2F 1-2: Fly out, F1 (Popup, P, EV 69.4 MPH)
|
|
Batting: RHB Danny Diaz
|
0-0: Ball 1-0: Ball 2-0: Swinging Strike 2-1: Foul Ball, location: 2F 2-2: Fly out, F4 (Popup, 34, EV 73.8 MPH)
|
|
Batting: LHB Davion Lewis
|
0-0: Called Strike 0-1: Ball 1-1: Foul Ball, location: 2F 1-2: Foul Ball, location: 2F 1-2: Ground out 1-3 (Groundball, 13S, EV 67.5 MPH)
|
| Bottom of the 6th over - 0 runs, 0 hits, 0 errors, 0 left on base; Round Rock 3 - Durham 1 |
| TOP OF THE 7TH |
|
Round Rock Express batting - Pitching for Durham Bulls : LHP Parker Martinet
|
|
Batting: RHB C.J. Sagle
|
0-0: Called Strike 0-1: Called Strike 0-2: Foul Ball, location: 2F 0-2: Ball 1-2: Fly out, F8 (Line Drive, 8LM, EV 97.5 MPH)
|
|
Batting: RHB Martin Guerrero
|
0-0: Called Strike 0-1: Foul Ball, location: 2F 0-2: Ball 1-2: Fly out, F9 (Flyball, 89M, EV 86.9 MPH)
|
|
Batting: LHB Jody Hudson
|
0-0: Ball 1-0: Called Strike 1-1: Foul Ball, location: 2F 1-2: Foul Ball, location: 2F 1-2: Ball 2-2: Fly out, F7 (Line Drive, 7S, EV 91.9 MPH)
|
| Top of the 7th over - 0 runs, 0 hits, 0 errors, 0 left on base; Round Rock 3 - Durham 1 |
| BOTTOM OF THE 7TH |
|
Durham Bulls batting - Pitching for Round Rock Express : RHP Dan Dill
|
|
Batting: RHB David Ward
|
0-0: Ball 1-0: Ball 2-0: Ball 3-0: Called Strike 3-1: Base on Balls
|
|
Batting: LHB Jake Rheaume
|
0-0: Ball 1-0: Ball 2-0: Ball 3-0: Called Strike 3-1: Foul Ball, location: 2F 3-2: Fielders Choice at 2nd, 1-4 (Groundball, 15S, EV 77.5 MPH)
|
|
Batting: RHB Sesto Carpini
|
0-0: Foul Ball, location: 2F 0-1: Grounds into double play, 4-6-3 (Groundball, 4, EV 96.2 MPH)
|
| Bottom of the 7th over - 0 runs, 0 hits, 0 errors, 0 left on base; Round Rock 3 - Durham 1 |
| TOP OF THE 8TH |
|
Round Rock Express batting - Pitching for Durham Bulls : LHP Parker Martinet
|
|
Pitching: LHP Tris Ross
|
|
|
Batting: RHB Laroya Foronda
|
0-0: Called Strike 0-1: Ball 1-1: Ball 2-1: Ball 3-1: SOLO HOME RUN (Flyball, 9D, EV 94.4 MPH), Distance : 370 ft
|
|
Batting: RHB Jorge Benites
|
0-0: Ball 1-0: Fly out, F8 (Flyball, 8RXD, EV 84.4 MPH)
|
|
Batting: LHB Zion Davidson
|
0-0: Called Strike 0-1: Foul Ball, location: 2F 0-2: Ball 1-2: Strikes out swinging
|
|
Batting: RHB Mike Quackenbush
|
0-0: Ball 1-0: Foul Ball, location: 2F 1-1: Swinging Strike 1-2: Ground out 5-3 (Groundball, 56S, EV 75.6 MPH)
|
| Top of the 8th over - 1 run, 1 hit, 0 errors, 0 left on base; Round Rock 4 - Durham 1 |
| BOTTOM OF THE 8TH |
|
Durham Bulls batting - Pitching for Round Rock Express : RHP Dan Dill
|
|
Batting: RHB Jose Arriola
|
0-0: Ball 1-0: Called Strike 1-1: Called Strike 1-2: Ground out 6-3 (Groundball, 6MD, EV 101.9 MPH)
|
|
Batting: RHB Freddy Mullen
|
0-0: Swinging Strike 0-1: Ground out U3 (Groundball, 13, EV 81.2 MPH)
|
|
Batting: RHB John Downing
|
0-0: Swinging Strike 0-1: Ball 1-1: Called Strike 1-2: Foul Ball, location: 2F 1-2: Ground out 6-3 (Groundball, 6, EV 86.2 MPH)
|
| Bottom of the 8th over - 0 runs, 0 hits, 0 errors, 0 left on base; Round Rock 4 - Durham 1 |
| TOP OF THE 9TH |
|
Round Rock Express batting - Pitching for Durham Bulls : LHP Tris Ross
|
|
Batting: RHB Ivan Colon
|
0-0: Called Strike 0-1: Foul Ball, location: 2F 0-2: Ball 1-2: Foul Ball, location: 2F 1-2: Ball 2-2: Fly out, F3 (Popup, 3SF, EV 84.4 MPH)
|
|
Batting: RHB Chris Torlak
|
0-0: Ball 1-0: Ground out 5-3 (Groundball, 56, EV 90.0 MPH)
|
|
Batting: RHB C.J. Sagle
|
0-0: Swinging Strike 0-1: Ball 1-1: Ball 2-1: Swinging Strike 2-2: Strikes out swinging
|
| Top of the 9th over - 0 runs, 0 hits, 0 errors, 0 left on base; Round Rock 4 - Durham 1 |
| BOTTOM OF THE 9TH |
|
Durham Bulls batting - Pitching for Round Rock Express : RHP Dan Dill
|
|
Pitching: RHP Steve Grier
|
|
|
Batting: RHB Jonathan Fraire
|
0-0: Called Strike 0-1: Ball 1-1: Ball 2-1: Foul Ball, location: 2F 2-2: Ball 3-2: Foul Ball, location: 2F 3-2: SINGLE (Groundball, 6MD, EV 98.8 MPH)
|
|
Batting: RHB Danny Diaz
|
0-0: Swinging Strike 0-1: Ball 1-1: Swinging Strike 1-2: Strikes out swinging
|
|
Batting: LHB Davion Lewis
|
0-0: Fielders Choice at 2nd, 1-6 (Groundball, 13S, EV 73.8 MPH)
|
|
Batting: RHB David Ward
|
0-0: Called Strike 0-1: Ball 1-1: Foul Ball, location: 2F 1-2: Foul Ball, location: 2F 1-2: Strikes out swinging
|
| Bottom of the 9th over - 0 runs, 1 hit, 0 errors, 1 left on base; Round Rock 4 - Durham 1 |
|